 Dungeon Crawl Stone Soup version 0.27.1-3-gb3d3a73c9e (webtiles) character file.

Game seed: 15420586376175479960

7 earthworldpsion the Vexing (level 2, -2/27 HPs)
             Began as an Ogre Arcane Marksman on Oct 17, 2021.
             Slain by a worm (4 damage)
             ... on level 2 of the Dungeon.
             The game lasted 00:02:24 (371 turns).

earthworldpsion the Vexing (Ogre Arcane Marksman)    Turns: 371, Time: 00:02:24

Health: -2/27      AC:  3    Str: 13    XL:     2   Next: 0%
Magic:  3/3        EV:  9    Int: 14    God:
Gold:   6          SH:  0    Dex:  9    Spells: 2/3 levels left

rFire    . . .     SeeInvis .   e - +0 dagger
rCold    . . .     Faith    .   (no shield)
rNeg     . . .     Spirit   .   a - +0 robe
rPois    .         Reflect  .   (helmet restricted)
rElec    .         Harm     .   (no cloak)
rCorr    .         Rampage  .   (gloves unavailable)
Will     .....                  (boots unavailable)
Stlth    +.........             (no amulet)
HPRegen  0.09/turn              (no ring)
MPRegen  0.08/turn              (no ring)

@: no status effects
A: large, unfitting armour, tough skin 1
a: no special abilities


You were on level 2 of the Dungeon.
You visited 1 branch of the dungeon, and saw 2 of its levels.

You collected 6 gold pieces.

Inventory:

Hand Weapons
 e - a +0 dagger (weapon)
Missiles
 b - 2 large rocks (quivered)
 c - 2 throwing nets
Armour
 a - a +0 robe (worn)
Scrolls
 f - a scroll of enchant weapon {unknown}
Potions
 d - a potion of curing {unknown}


   Skills:
 + Level 1.3 Fighting
 + Level 2.0 Throwing
 + Level 1.9 Dodging
 + Level 1.2 Spellcasting
 + Level 3.1 Hexes


You had 2 spell levels left.
You knew the following spells:

 Your Spells              Type           Power      Damage    Failure   Level
a - Corona                Hex            10%        N/A       8%          1

Your spell library contained the following spells:

 Spells                   Type           Power      Damage    Failure   Level
 Slow                     Hex            9%         N/A       11%         2
 Inner Flame              Hex/Fire       5%         N/A       38%         3
 Portal Projectile        Hex/Tloc       10%        N/A       38%         3
 Cause Fear               Hex            4%         N/A       58%         4


Dungeon Overview and Level Annotations

Branches:
Dungeon (1/15)

Altars:


Innate Abilities, Weirdness & Mutations

You are too large for most types of armour.
You have tough skin. (AC +1)


Message History

The worm is severely wounded.
The worm bites you but does no damage. The goblin closely misses you.
Throw: 3 large rocks
Press: ? - help, Q - select action, (/) - cycle Shift-Dir - straight line, f/p - worm
Aim: a worm (heavily wounded, 75% to hit)
You throw a large rock. The large rock barely misses the worm.
The ball python bites you. The goblin hits you with a +0 dagger.
The rat bites you. The worm misses you. The ball python closely misses you.
You hit the worm but do no damage.
The worm is heavily wounded.
The goblin closely misses you. The rat barely misses you.
The hobgoblin closely misses you.
The ball python bites you but does no damage.
You hit the worm.
The worm is severely wounded.
The goblin hits you but does no damage. The rat closely misses you.
The hobgoblin barely misses you. The worm bites you!
The ball python bites you but does no damage.
The rat bites you.
You barely miss the worm.
The worm is severely wounded.
The goblin barely misses you. The rat bites you but does no damage.
The hobgoblin closely misses you. The ball python bites you.
* * * LOW HITPOINT WARNING * * *
The worm bites you.
* * * LOW HITPOINT WARNING * * *
The rat bites you.
* * * LOW HITPOINT WARNING * * *
You hit the goblin.
The goblin is moderately wounded.
The goblin barely misses you. The rat bites you.
* * * LOW HITPOINT WARNING * * *
The hobgoblin misses you. The ball python misses you.
The rat barely misses you.
You hit the goblin.
You kill the goblin!
The ball python bites you.
* * * LOW HITPOINT WARNING * * *
The rat barely misses you. The hobgoblin barely misses you. The worm bites you.
You die...

... ... ....
### .....
....######.....
#...........
#.....rg.#
#(..(w@Sr#
#.....)r......
#..?..........
#.............
#....$........
#.............
##.######.....
.. .....


You could see a worm, a hobgoblin, a ball python and 3 rats.

Vanquished Creatures
  A bat (D:1)
  An endoplasm (D:1)
  2 goblins
  A hobgoblin (D:1)
  A kobold (D:1)
  A rat (D:1)
7 creatures vanquished.

Notes
Turn   | Place    | Note
-------+----------+-------------------------------------------
     0 | D:1      | earthworldpsion the Ogre Arcane Marksman began the quest
                  | for the Orb.
     0 | D:1      | Reached XP level 1. HP: 19/19 MP: 2/2
   246 | D:1      | Reached skill level 3 in Hexes
   258 | D:1      | Reached XP level 2. HP: 19/27 MP: 3/3
   362 | D:1      | You fall into a shaft and drop 1 floor!
   371 | D:2      | Slain by a worm

Illustrated notes

Levels and vault maps discovered:
D:1:      dpeg_arrival_three_same_balls, layout_loops_ring,
          roderic_nine_men_s_morris
D:2:      layout_basic, serial_shops, nicolae_shop_overgrown_old_shop,
          dreamdust_ecumenical_altar_drowned_temple

Skill      XL: |  1 |
---------------+----+-----
Hexes          | 3 |  3.1
Fighting       | |  1.3
Throwing       | |  2.0
Dodging        | |  1.9
Spellcasting   | |  1.2

Action                   || total
-------------------------++-------
Melee: Unarmed           ||    14
       Dagger            ||    14
Throw: Large rock        ||     8
 Stab: Sleeping          ||     1
Armor: Robe              ||     7
Dodge: Dodged            ||    29
